 Dungeon Crawl Stone Soup version 0.28-a0-628-g3c9886e45e (webtiles) character file.

Game seed: 16269656417012168781

569 siradein the Gusty (level 7, -3/50 HPs)
             Began as a Grey Draconian Air Elementalist on Oct 8, 2021.
             Slain by an orc wizard (6 damage)
             ... on level 4 of the Dungeon.
             The game lasted 00:17:48 (6081 turns).

siradein the Gusty (DrAE)                           Turns: 6081, Time: 00:17:49

Health: -3/50      AC: 12    Str: 17    XL:     7   Next: 11%
Magic:  10/12      EV: 13    Int: 17    God:
Gold:   124        SH:  0    Dex: 11    Spells: 3/13 levels left

rFire   . . .      SeeInvis .   r - +2 long sword (holy)
rCold   . . .      Faith    .   (no shield)
rNeg    . . .      Spirit   .   (armour unavailable)
rPois   .          Reflect  .   (helmet restricted)
rElec   .          Harm     .   (no cloak)
rCorr   .          Rampage  .   (no gloves)
Will    .....                   m - +0 pair of boots
Stlth   ++........              (no amulet)
HPRegen 0.16/turn               o - +6 ring of strength
MPRegen 0.13/turn               (no ring)

@: no status effects
A: AC +11, amphibious, unfitting armour, cold-blooded
a: no special abilities


You were on level 4 of the Dungeon.
You visited 1 branch of the dungeon, and saw 5 of its levels.

You collected 124 gold pieces.

Inventory:

Hand Weapons
 r - a +2 long sword of holy wrath (weapon)
Missiles
 b - 5 curare-tipped darts
Armour
 m - a +0 pair of boots (worn)
Jewellery
 o - a +6 ring of strength (left hand)
Scrolls
 a - a scroll of summoning {unknown}
 c - 4 scrolls of identify {unknown}
 e - a scroll of fog {unknown}
 g - a scroll of silence {unknown}
 i - 2 scrolls of enchant weapon {unknown}
 j - 2 scrolls of fear {unknown}
 l - a scroll of magic mapping {unknown}
 p - a scroll of noise {unknown}
 q - a scroll of teleportation {unknown}
Potions
 d - 3 potions of flight {unknown}
 f - a potion of ambrosia {unknown}
 h - 5 potions of curing {unknown}
 k - a potion of attraction {unknown}


   Skills:
 + Level 3.8 Dodging
 - Level 1.7 Stealth
 + Level 3.9 Spellcasting
 + Level 3.8 Conjurations
 + Level 3.9 Air Magic


You had 3 spell levels left.
You knew the following spells:

 Your Spells              Type           Power      Damage    Failure   Level
a - Shock                 Conj/Air       64%        1d7       3%          1
b - Static Discharge      Conj/Air       16%        N/A       4%          2
c - Swiftness             Air            16%        N/A       10%         3
d - Airstrike             Air            8%         N/A       30%         4

Your spell library contained the following spells:

 Spells                   Type           Power      Damage    Failure   Level
 Beastly Appendage        Tmut           6%         N/A       16%         1
 Wereblood                Tmut           3%         N/A       24%         2
 Spider Form              Tmut/Pois      1%         N/A       43%         3
 Hailstorm                Conj/Ice       9%         3d4       58%         4
 Ice Form                 Ice/Tmut       3%         N/A       85%         4
 Simulacrum               Ice/Necr       1%         N/A       100%        6


Dungeon Overview and Level Annotations

Branches:
Dungeon (5/15)
 Temple: D:4-7

Altars:
Wu Jian
Yredelemnul

Shops:
D:2 (=![[   D:3 *

Annotations:
D:4 2 transporters, siradein's ghost, amateur DrEn
D:5 1 runed translucent door, Crazy Yiuf; Sigmund


Innate Abilities, Weirdness & Mutations

Your dull iron-grey scales are very hard. (AC +11)
You are amphibious.
You cannot fit into any form of body armour.
You are cold-blooded and may be slowed by cold attacks.


Message History

You closely miss the orc wizard. You tail-slap the orc wizard.
The orc wizard is heavily wounded.
The orc wizard closely misses you. The orc wizard misses you.
You miss the orc wizard. You tail-slap the orc wizard.
The orc wizard is severely wounded.
The orc wizard points at you and mumbles some strange words.
You are confused.
The orc wizard hits you but does no damage.
The orc wizard hits you with a +0 dagger.
* * * LOW HITPOINT WARNING * * *
The orc wizard points at you and mumbles some strange words.
The puff of flame hits you.
* * * LOW HITPOINT WARNING * * *
You bump into the rock wall.
The orc wizard hits you but does no damage.
The orc wizard points at you and mumbles some strange words.
The puff of flame hits you.
* * * LOW HITPOINT WARNING * * *
You miss the orc wizard.
The orc wizard is heavily wounded.
The orc wizard hits you but does no damage.
The orc wizard barely misses you.
You miss the orc wizard.
The orc wizard is heavily wounded.
The orc wizard barely misses you. The orc wizard misses you.
The orc wizard barely misses you. The orc wizard closely misses you.
Unknown command.
You hit the orc wizard but do no damage.
Your tail-slap misses the orc wizard.
The orc wizard is severely wounded.
The orc wizard hits you but does no damage. x2
You barely miss the orc wizard.
The orc wizard is severely wounded.
The orc wizard closely misses you. x2
You completely miss the orc wizard.
The orc wizard is heavily wounded.
You feel less confused.
The orc wizard hits you but does no damage.
The orc wizard hits you with a +0 hand axe.
You die...

#o# ... #.# ###### ### #.#
#....# #.# #.# #....#
####.# #.# #....# #.##.##
##.####....###.#...##
......)........o@..>#
##.####....###.#o...# ##.#
###### #.#....#
...###########......####
.#.....................#
........)..............###
####........)............#
...#.........##.....##.###
##.#................##.####


You could see 2 orc wizards.

Vanquished Creatures
  A wyvern (D:4)
  A phantom (D:4)
  A water moccasin skeleton (D:4)
  A hound (D:4)
  An orc priest (D:4)
  2 orc wizards (D:4)
  11 adders
  A worm (D:2)
  2 dart slugs
  17 orcs
  3 ball pythons
  3 bats
  5 endoplasms
  3 giant cockroaches
  5 goblins
  5 hobgoblins
  2 jackals (D:2)
  2 quokkas
  7 kobolds
  7 rats
80 creatures vanquished.

Vanquished Creatures (others)
  3 plants (D:2)
3 creatures vanquished.

Grand Total: 83 creatures vanquished

Notes
Turn   | Place    | Note
-------+----------+-------------------------------------------
     0 | D:1      | siradein the Draconian Air Elementalist began the quest for
                  | the Orb.
     0 | D:1      | Reached XP level 1. HP: 14/14 MP: 3/3
   373 | D:1      | Reached XP level 2. HP: 20/20 MP: 1/5
   450 | D:1      | Learned a level 2 spell: Static Discharge
   539 | D:1      | Found a faded altar of an unknown god.
  1486 | D:2      | Found Jaushum's Armour Emporium.
  1588 | D:2      | Found Faejism's Antique Weapon Shoppe.
  1713 | D:2      | Reached XP level 3. HP: 21/26 MP: 2/6
  1883 | D:2      | Found Dirph's Distillery.
  2103 | D:2      | Found Ubbi's Jewellery Shoppe.
  2359 | D:2      | Found Mesch's Antique Armour Shoppe.
  2605 | D:2      | Learned a level 3 spell: Swiftness
  2712 | D:3      | Found Ruelocza's General Store.
  2980 | D:3      | Reached XP level 4. HP: 33/33 MP: 3/7
  3886 | D:4      | Found a transporter.
  3888 | D:4      | Noticed a scorpion
  3933 | D:4      | Found a transporter.
  3933 | D:4      | Noticed siradein's ghost (amateur DrEn)
  4051 | D:4      | Noticed a phantom
  4087 | D:4      | Killed a phantom
  4088 | D:4      | Reached XP level 5. HP: 25/38 MP: 2/9
  4278 | D:4      | Found an ornate altar of the Wu Jian Council.
  4630 | D:4      | Reached XP level 6. HP: 44/45 MP: 0/11
  4761 | D:4      | Noticed a wyvern
  4774 | D:4      | Killed a wyvern
  5347 | D:4      | You fall into a shaft and drop 1 floor!
  5347 | D:5      | Entered Level 5 of the Dungeon
  5359 | D:5      | Noticed Sigmund
  5423 | D:5      | Learned a level 4 spell: Airstrike
  5489 | D:5      | Found a runed translucent door.
  5490 | D:5      | Noticed Crazy Yiuf
  5686 | D:4      | Your scales start taking on a dull iron-grey colour.
  5686 | D:4      | Reached XP level 7. HP: 27/50 MP: 8/12
  5973 | D:4      | Found a basalt altar of Yredelemnul.
  6076 | D:4      | HP: 2/50 [orc wizard/puff of flame (2)]
  6081 | D:4      | Slain by an orc wizard

Illustrated notes

Levels and vault maps discovered:
D:1:      dpeg_chamrin_arrival_tetris, layout_loops_ring,
          shapermc_ecumenical_altar_totnotflames, hex_medium
D:2:      layout_loops_corners, serial_shops, nicolae_shop_overgrown_old_shop,
          shop, shop, nicolae_shop_stone, shop_statue
D:3:      layout_loops_ring, serial_shops, shop
D:4:      layout_basic, lemuel_coloured_pillars_altar, lemuel_round_altar,
          gammafunk_ghost_arena
D:5:      layout_loops_ring, lemuel_round_altar, uniq_crazy_yiuf_cottage,
          uniq_sigmund

Skill      XL: |  1  2  3  4  5  6 |
---------------+-------------------+-----
Dodging        | 2 3 |  3.8
Conjurations   | 2 3 |  3.8
Spellcasting   | 3 |  3.9
Air Magic      | 4 3 |  3.9
Stealth        | |  1.7

Action                   |  1- 3 |  4- 6 |  7- 9 || total
-------------------------+-------+-------+-------++-------
Melee: Hand axe          |       |     3 |       ||     3
       Tailslap          |       |     1 |     7 ||     8
       Long sword        |       |     2 |    29 ||    31
 Cast: Shock             |    83 |   110 |    12 ||   205
       Static Discharge  |       |     5 |       ||     5
Armor: Skin              |    10 |    32 |    18 ||    60
Dodge: Dodged            |    33 |    78 |    28 ||   139

Table legend: (Time is in decaauts)
 A = Elapsed time spent in this place.
 B = Non-inter-level travel time spent in this place.
 C = Inter-level travel time spent in this place.
 D = Time resting spent in this place.
 E = Time spent auto-exploring this place.
 F = Levels seen in this place.
 G = Mean time per level.
                   A        B        C        D        E       F      G
               +--------+--------+--------+--------+--------+-----+--------+
         Total |   6094 |   6000 |     94 |    231 |   4467 |   5 | 1218.8 |
       Dungeon |   6094 |   6000 |     94 |    231 |   4467 |   5 | 1218.8 |
               +--------+--------+--------+--------+--------+-----+--------+

Top non-repeatable levels by time:
     D:4: 2056 daAuts
     D:1: 1428 daAuts
     D:2: 1207 daAuts
     D:3: 1180 daAuts
     D:5: 221 daAuts
